 Dungeon Crawl Stone Soup version 0.30-a0-845-g7c6808c8ce (webtiles) character file.

Game seed: 4986808936668732792

5701 BubbleThief the Severer (level 10, -7/96 HPs)
             Began as a Minotaur Fighter on Mar 2, 2023.
             Was a High Priest of Okawaru.
             Mangled by a komodo dragon (26 damage)
             ... on level 1 of the Lair of Beasts.
             The game lasted 00:09:11 (7950 turns).

BubbleThief the Severer (Minotaur Fighter)          Turns: 7950, Time: 00:09:12

Health: -7/96      AC: 10    Str: 25    XL:     10   Next: 48%
Magic:  9/9        EV:  9    Int:  5    God:    Okawaru [*****.]
Gold:   912        SH:  5    Dex: 16    Spells: 9/9 levels left

rFire   . . .      SeeInvis .    r - +3 war axe (elec)
rCold   . . .      Faith    +    c - +0 buckler
rNeg    . . .      Spirit   .    b - +0 scale mail
rPois   .          Reflect  .    (helmet restricted)
rElec   .          Rampage  .    (no cloak)
rCorr   +                        E - +2 pair of gloves
Will    .....                    (no boots)
Stlth   x                          - amulet of faith
HPRegen 0.36/turn                f - ring of resist corrosion
MPRegen 0.11/turn                M - +6 ring of dexterity

@: slowed, very slow
A: horns 2, retaliatory headbutt
a: Renounce Religion, Heroism, Finesse, Duel


You were on level 1 of the Lair of Beasts.
You worshipped Okawaru.
Okawaru was extremely pleased with you.
You visited 2 branches of the dungeon, and saw 9 of its levels.
You also visited: Ossuary.

You collected 912 gold pieces.

Inventory:

Hand Weapons
 r - a +3 war axe of electrocution (weapon)
Missiles
 y - 10 poisoned darts (quivered)
 F - a throwing net
Armour
 b - a +0 scale mail (worn)
 c - a +0 buckler (worn)
 E - a +2 pair of gloves (worn)
Jewellery
 f - a ring of resist corrosion (left hand)
 n - a ring of protection from cold
 x - an amulet of faith (around neck)
 M - a +6 ring of dexterity (right hand)
Wands
 h - a wand of roots (5)
 K - a wand of polymorph (8)
Scrolls
 a - a scroll of enchant armour {unknown}
 e - 4 scrolls of identify
 i - a scroll of summoning
 m - a scroll of blinking {unknown}
 p - 3 scrolls of magic mapping {unknown}
 q - 9 scrolls of teleportation {unknown}
 s - 2 scrolls of noise {unknown}
 t - 2 scrolls of vulnerability {unknown}
 v - 2 scrolls of acquirement {unknown}
 z - 2 scrolls of torment {unknown}
 A - 2 scrolls of fear {unknown}
 C - a scroll of poison {unknown}
 G - 5 scrolls of fog {unknown}
 H - 2 scrolls of brand weapon {unknown}
Potions
 d - 5 potions of might
 g - 7 potions of curing
 j - a potion of haste
 k - 2 potions of lignification
 l - 2 potions of attraction {unknown}
 o - 3 potions of flight
 w - 3 potions of resistance
 B - 3 potions of heal wounds
 D - 3 potions of cancellation {unknown}
 I - a potion of invisibility {unknown}
 L - a potion of mutation {unknown}


   Skills:
 + Level 11.4 Fighting
 * Level 15.2 Axes
 - Level 3.6 Armour
 - Level 3.6 Shields


You had 9 spell levels left.
You didn't know any spells.
Your spell library contained the following spells:

 Spells                   Type           Power      Damage    Failure   Level
 Foxfire                  Conj/Fire      0%         2x1d4     86%         1
 Leda's Liquefaction      Hex/Erth       0%         N/A       100%        4
 Fireball                 Conj/Fire      0%         3d3       100%        5
 Lee's Rapid Deconstruct  Erth           0%         3d4*      100%        5
 Starburst                Conj/Fire      0%         6d3       100%        6
 Statue Form              Tmut/Erth      0%         N/A       100%        6


Dungeon Overview and Level Annotations

Branches:
Dungeon (8/15)             Temple (0/1) D:6            Lair (1/5) D:8
Ossuary (visited)

Altars:
Ashenzari
Dithmenos
Fedhas
Okawaru
Trog
Yredelemnul
Zin
The Shining One

Shops:
D:5 (

Annotations:
Lair:1 Gastronok


Innate Abilities, Weirdness & Mutations

You have a pair of horns on your head.
You reflexively headbutt those who attack you in melee.


Message History

Sonja throws a curare-tipped dart.
The curare-tipped dart hits you.
You are more poisoned.
You have difficulty breathing.
* * * LOW HITPOINT WARNING * * *
You feel yourself slow down.
A komodo dragon comes into view.
Unknown command.
You feel better.
The komodo dragon hisses angrily.
Sonja looks more healthy.
Sonja gestures wildly while chanting.
Sonja blinks!
Throw: 12 darts (poison)
Press: ? - help, Q - select action, (/) - cycle Shift-Dir - straight line, f/p - Sonja
Aim: Sonja, wielding a +0 short sword of venom and quivering curare-tipped darts (almost dead, 21% to hit)
You throw a poisoned dart. The poisoned dart barely misses Sonja.
Unknown command.
Throw: 11 darts (poison)
Press: ? - help, Q - select action, (/) - cycle Shift-Dir - straight line, f/p - Sonja
Aim: Sonja, wielding a +0 short sword of venom and quivering curare-tipped darts (almost dead, 21% to hit)
You throw a poisoned dart. The poisoned dart misses Sonja.
Sonja says, "I'm academy-trained, you know."
Gastronok the Ponderous comes into view.
Unknown command.
Aiming: Fastroot
Press: ? - help, Shift-Dir - straight line, f/p - Sonja
Aim: Sonja, wielding a +0 short sword of venom and quivering curare-tipped darts (almost dead)
The roots erupt in riotous growth!
Roots grab Sonja.
Gastronok gurgles horribly!
The grasping roots constrict Sonja!
You kill Sonja!
Okawaru is honoured by your kill.
You hear a loud, deep croak!
Your Axes skill increases to level 15!
Unknown command.
You slash the komodo dragon!
The komodo dragon is lightly wounded.
The komodo dragon bites you!!
You die...

.......(...#
...........#
.......(...#
(..........##
....(.......###
.....(.........
......†††....w.
(....).@...#
.......l...#
...........#
...........#
...........#
..)........#
...........#
(.....>.....


You could see Gastronok and a komodo dragon.

Vanquished Creatures
  Sonja (Lair:1)
  4 yaks (D:8)
  2 steam dragons
  2 wargs (D:8)
  3 sky beasts
  2 orc warriors (D:8)
  2 ice beasts
  A black bear (D:6)
  5 wolves (Lair:1)
  3 ogres
  4 bullfrogs
  17 scorpions
  3 wights (D:7)
  A howler monkey (D:5)
  4 centaur zombies (Ossuary)
  5 hounds
  A jelly (D:5)
  3 orc priests
  2 sleepcaps
  Jessica (D:2)
  5 scorpion zombies (Ossuary)
  3 iguanas
  7 orc wizards
  3 mummies (Ossuary)
  11 adders
  A shadow imp (D:7)
  3 white imps
  2 ufetubi
  2 worms
  7 dart slugs
  44 orcs
  7 ball pythons
  8 endoplasms
  5 giant cockroaches
  A gnoll zombie (Ossuary)
  9 goblins
  11 hobgoblins
  6 jackals
  5 quokkas
  9 bats
  A frilled lizard (D:2)
  4 goblin zombies (Ossuary)
  2 hobgoblin zombies (Ossuary)
  19 kobolds
  A kobold zombie (Ossuary)
  5 orc zombies (Ossuary)
  4 rats
  A spectral orc (D:8)
252 creatures vanquished.

Notes
Turn   | Place    | Note
-------+----------+-------------------------------------------
     0 | D:1      | BubbleThief the Minotaur Fighter began the quest for the
                  | Orb.
     0 | D:1      | Reached XP level 1. HP: 19/19 MP: 0/0
    54 | D:1      | Reached skill level 3 in Axes
    95 | D:1      | Reached XP level 2. HP: 27/27 MP: 1/1
   345 | D:1      | Reached XP level 3. HP: 32/33 MP: 2/2
   497 | D:1      | Reached skill level 4 in Axes
   892 | D:2      | Reached XP level 4. HP: 32/41 MP: 3/3
  1414 | D:2      | Noticed Jessica
  1426 | D:2      | Killed Jessica
  1427 | D:2      | Reached skill level 5 in Axes
  1713 | D:3      | Reached XP level 5. HP: 47/47 MP: 4/4
  1825 | D:3      | Reached skill level 5 in Fighting
  2096 | D:3      | Reached skill level 6 in Axes
  2221 | D:3      | Found an iron altar of Okawaru.
  2229 | D:3      | Became a worshipper of Warmaster Okawaru
  2448 | D:3      | Noticed an ogre
  2454 | D:3      | Killed an ogre
  2455 | D:3      | Reached XP level 6. HP: 21/56 MP: 5/5
  2803 | D:4      | Reached skill level 7 in Axes
  2947 | D:4      | Reached * piety under Okawaru
  3174 | D:4      | Found a glowing silver altar of Zin.
  3336 | D:4      | Reached XP level 7. HP: 58/63 MP: 6/6
  3368 | D:4      | Identified the +2 robe of Panentheism {rPois rC- Dex+3
                  | Slay+5}
  3446 | D:4      | Reached skill level 8 in Axes
  3764 | D:5      | Entered Level 5 of the Dungeon
  3804 | D:5      | Found a bloodstained altar of Trog.
  3861 | D:5      | Found Lacupeuf's Weapon Shoppe.
  3867 | D:5      | Reached skill level 9 in Axes
  3992 | D:5      | Found a sand-covered staircase.
  3999 | Ossuary  | Entered an ossuary
  4016 | Ossuary  | Reached ** piety under Okawaru
  4169 | Ossuary  | Reached XP level 8. HP: 65/73 MP: 7/7
  4223 | Ossuary  | Reached skill level 10 in Axes
  4415 | Ossuary  | Reached *** piety under Okawaru
  4416 | Ossuary  | Reached skill level 11 in Axes
  4747 | D:5      | Reached XP level 9. HP: 73/82 MP: 8/8
  5015 | D:6      | Found a staircase to the Ecumenical Temple.
  5211 | D:6      | Reached skill level 12 in Axes
  5388 | D:6      | Reached **** piety under Okawaru
  6002 | D:7      | Reached skill level 13 in Axes
  6095 | D:7      | Found a blossoming altar of Fedhas.
  6111 | D:7      | Reached skill level 10 in Fighting
  6283 | D:7      | Found a broken altar of Ashenzari.
  6283 | D:7      | Found a glowing golden altar of the Shining One.
  6642 | D:7      | Found a shadowy altar of Dithmenos.
  6860 | D:8      | Found a staircase to the Lair.
  7074 | D:8      | Reached skill level 14 in Axes
  7291 | D:8      | Reached ***** piety under Okawaru
  7292 | D:8      | Reached XP level 10. HP: 39/94 MP: 9/9
  7909 | D:8      | Found a basalt altar of Yredelemnul.
  7929 | Lair:1   | Entered Level 1 of the Lair of Beasts
  7929 | Lair:1   | Noticed Sonja
  7948 | Lair:1   | Noticed Gastronok
  7949 | Lair:1   | Killed Sonja
  7950 | Lair:1   | Reached skill level 15 in Axes
  7950 | Lair:1   | Mangled by a komodo dragon

Illustrated notes

Levels and vault maps discovered:
D:1:      dpeg_arrival_rooms_with_view, layout_basic, minmay_misc_feat_five,
          fountainhead
D:2:      layout_basic, minmay_stone_trees_medium,
          minmay_randomly_rotated_circles, uniq_jessica
D:3:      layout_loops_ring, lemuel_round_altar
D:4:      layout_cave_pods, mainiacjoe_overflow_catwalk, grunt_ministairs_15,
          st_stairs_6
D:5:      layout_rooms, trog_hazing_becter, serial_shops, shop,
          lightli_ossuary_entry_decrepit_ruins
D:6:      minmay_polygon_palace, layout_loops_ring,
          minmay_temple_entry_glassed_door
D:7:      layout_loops_ring, fedhas_altar_1, lemuel_round_altar,
          grunt_temple_overflow_open
D:8:      layout_cave_pools, yredelemnul_forgotten_temple_becter,
          erik_lair_orcish_takeover
Lair:1:   layout_chaotic_city, st_stairs_10, uniq_sonja, uniq_gastronok

Skill      XL: |  1  2  3  4  5  6  7  8  9 10 |
---------------+-------------------------------+-----
Axes           | 3 4 5 6 7 9 11 14 15 | 15.2
Fighting       | 4 5 6 7 8 10 11 | 11.4
Armour         | |  3.6
Shields        | |  3.6

Action                     |  1- 3 |  4- 6 |  7- 9 | 10-12 || total
---------------------------+-------+-------+-------+-------++-------
  Melee: War axe           |    76 |   173 |   288 |    35 ||   572
         Headbutt          |    13 |    27 |    53 |     2 ||    95
  Throw: Dart              |       |     6 |       |     8 ||    14
  Evoke: Wand              |       |       |       |     4 ||     4
    Use: Scroll            |       |       |    12 |       ||    12
         Potion            |       |       |       |     1 ||     1
 Armour: Scale mail        |    42 |    80 |   130 |    15 ||   267
  Dodge: Dodged            |    42 |    60 |   124 |    14 ||   240
  Block: Buckler           |    12 |    28 |    46 |     7 ||    93

Table legend: (Time is in decaauts)
 A = Elapsed time spent in this place.
 B = Non-inter-level travel time spent in this place.
 C = Inter-level travel time spent in this place.
 D = Time resting spent in this place.
 E = Time spent auto-exploring this place.
 F = Levels seen in this place.
 G = Mean time per level.
                   A        B        C        D        E       F      G
               +--------+--------+--------+--------+--------+-----+--------+
         Total |   8003 |   7880 |    123 |    133 |   6393 |  10 |  800.3 |
       Dungeon |   7319 |   7196 |    123 |    133 |   5914 |   8 |  914.9 |
          Lair |     21 |     21 |      0 |      0 |      0 |   1 |   21.0 |
       Ossuary |    662 |    662 |      0 |      0 |    479 |   1 |  662.0 |
               +--------+--------+--------+--------+--------+-----+--------+

Top non-repeatable levels by time:
     D:3: 1071 daAuts
     D:8: 1061 daAuts
     D:4: 1020 daAuts
     D:6: 1009 daAuts
     D:2: 954 daAuts
     D:7: 852 daAuts
     D:1: 790 daAuts
 Ossuary: 662 daAuts
     D:5: 560 daAuts
  Lair:1: 21 daAuts
